 Dungeon Crawl Stone Soup version 0.22.1-1-ga44c0e5 (webtiles) character file.

1757 harcile the Carver (level 9, -4/78 HPs)
             Began as a Hill Orc Fighter on Oct 20, 2018.
             Was a Follower of the Shining One.
             Slain by an orc warrior
             ... wielding the +4 dire flail "Newtbane" {crush, rPois rN++ MR- Stlth+}
              (5 damage)
             ... on level 6 of the Dungeon.
             The game lasted 00:21:31 (5944 turns).

harcile the Carver (Hill Orc Fighter)               Turns: 5944, Time: 00:21:32

Health: -4/78      AC: 10    Str: 20    XL:     9   Next: 6%
Magic:  9/9        EV:  8    Int:  8    God:    the Shining One [*.....]
Gold:   245        SH: 10    Dex: 12    Spells: 8/8 levels left

rFire    . . .     SeeInvis .   x - +0 long sword
rCold    . . .     Gourm    .   c - +0 shield
rNeg     . . .     Faith    .   b - +0 scale mail
rPois    .         Spirit   .   i - +0 helmet
rElec    .         Reflect  .   (no cloak)
rCorr    .         Harm     .   g - +0 pair of gloves
MR       .....                  (no boots)
Stlth    ..........             (no amulet)
HPRegen  0.23/turn              (no ring)
MPRegen  0.11/turn              (no ring)

@: glowing
A: no striking features
a: Renounce Religion


You were on level 6 of the Dungeon.
You worshipped the Shining One.
The Shining One was aware of your devotion.
You were hungry.

You visited 2 branches of the dungeon, and saw 7 of its levels.

You collected 315 gold pieces.
You spent 70 gold pieces at shops.

Inventory:

Hand Weapons
 a - a +0 long sword
 x - a +0 long sword (weapon)
Armour
 b - a +0 scale mail (worn)
 c - a +0 shield (worn)
 g - a +0 pair of gloves (worn)
 i - a +0 helmet (worn)
 E - a +2 leather armour of poison resistance
Jewellery
 C - an uncursed amulet of faith {unknown}
Wands
 q - a wand of disintegration (10)
 r - a wand of polymorph (8)
 u - a wand of flame (48)
 y - a wand of iceblast (5)
Scrolls
 h - a scroll of fog {unknown}
 j - a scroll of amnesia {unknown}
 k - 9 scrolls of identify {unknown}
 l - 2 scrolls of teleportation {unknown}
 n - a scroll of enchant armour {unknown}
 p - a scroll of enchant weapon {unknown}
 s - a scroll of random uselessness {unknown}
 z - a scroll of fear {unknown}
 B - 2 scrolls of magic mapping {unknown}
 G - a scroll of blinking {unknown}
Potions
 d - 3 potions of might
 e - a potion of agility {unknown}
 m - a potion of ambrosia {unknown}
 o - 3 potions of heal wounds
 t - 2 potions of brilliance {unknown}
 v - a potion of berserk rage {unknown}
 w - 4 potions of curing
 A - a potion of magic {unknown}
 D - 2 potions of lignification {unknown}
 F - 2 potions of degeneration {unknown}
Comestibles
 f - 10 rations


   Skills:
 + Level 6.4 Fighting
 + Level 8.5 Long Blades
 + Level 6.0 Armour
 - Level 1.0 Dodging
 + Level 6.6 Shields


You had 8 spell levels left.
You didn't know any spells.
Your spell library contained the following spells:

 Spells                   Type           Power        Failure   Level  Hunger
 Animate Skeleton         Necr           N/A          98%         1    ##.....
 Apportation              Tloc           #.....       98%         1    ##.....
 Confusing Touch          Hex            #.....       98%         1    ##.....
 Pain                     Necr           #...         98%         1    ##.....
 Summon Small Mammal      Summ           #...         98%         1    ##.....
 Call Imp                 Summ           #.......     99%         2    ###....
 Call Canine Familiar     Summ           #.......     100%        3    ####...
 Regeneration             Chrm/Necr      #.........   100%        3    ####...
 Summon Guardian Golem    Hex/Summ       #.......     100%        3    ####...
 Vampiric Draining        Necr           #.........   100%        3    ####...
 Animate Dead             Necr           N/A          100%        4    #####..
 Summon Ice Beast         Ice/Summ       #.......     100%        4    #####..
 Summon Lightning Spire   Summ/Air       #.......     100%        4    #####..


Dungeon Overview and Level Annotations

Branches:
Dungeon (6/15)             Temple (1/1) D:4

Altars:
Ashenzari
Cheibriados
Dithmenos
Elyvilon
Fedhas
Gozag
Hepliaklqana
Kikubaaqudgha
Makhleb
Nemelex Xobeh
Okawaru
Qazlal
Ru
Sif Muna
Trog
Uskayaw
Vehumet
Wu Jian
Xom
Yredelemnul
Zin
The Shining One
Beogh

Shops:
D:6 *

Annotations:
D:6 bmj180's ghost, novice TrFi


Message History

You hit the orc warrior but do no damage.
The orc warrior hits you with a dazzling dire flail {crush}!
You hit the orc warrior.
The orc warrior is lightly wounded.
The orc warrior misses you.
You hit the orc warrior.
The orc warrior is lightly wounded.
The orc warrior hits you with a dazzling dire flail {crush}!!
* * * LOW HITPOINT WARNING * * *
You hit the orc warrior but do no damage.
The orc warrior is lightly wounded.
You block the orc warrior's attack.
You feel much better.
Bmj180's ghost says, "You must not succeed where I failed!"
The orc warrior hits you with a dazzling dire flail {crush}!!
You hit the orc warrior.
The orc warrior is moderately wounded.
The orc warrior hits you with a dazzling dire flail {crush}!!
* * * LOW HITPOINT WARNING * * *
You die...

#################################
#.....#.......#........#.....#...
#.....#.......#........#.....'...
#.....#.......#........#.....#...
#.....+.......'........#.....#...
###'###..##..###@##.######...###.
.#..#######..###o##+##.###...####
...............oWo...#..........<
..........o.....o....#.......[...
....##...###'###....###.###..)###
....o..W..8#..####'####.###...##.
##'''######...'.......#.......#..
....o...o.#...#.......#(......#..
.#####....#...#.......'.......#..


You could see an orc warrior, bmj180's ghost and 3 orcs.

Vanquished Creatures
  Eustachio (D:6)
  Menkaure (D:6)
  An orc warrior (D:6)
  2 phantoms
  An ice beast (D:4)
  An ogre (D:5)
  2 centaurs
  2 big kobolds (D:4)
  A howler monkey (D:4)
  A centaur zombie (D:5)
  A crimson imp (D:6)
  An orc wizard (D:6)
  A bullfrog skeleton (D:6)
  Ijyb (D:4)
  2 hounds
  3 iguanas
  9 adders
  11 gnolls
  A shadow imp (D:5)
  4 oozes
  3 adder skeletons
  6 worms
  3 leopard geckos
  17 orcs
  5 giant cockroaches
  32 goblins
  30 hobgoblins
  4 jackals (D:1)
  10 kobolds
  5 quokkas
  A ball python (D:4)
  12 bats
  5 frilled lizards
  A quokka skeleton (D:5)
  4 rats
185 creatures vanquished.

Notes
Turn   | Place    | Note
-------+----------+-------------------------------------------
     0 | D:1      | harcile the Hill Orc Fighter began the quest for the Orb.
     0 | D:1      | Reached XP level 1. HP: 19/19 MP: 1/1
    10 | D:1      | Reached XP level 2. HP: 23/27 MP: 2/2
   115 | D:1      | Reached XP level 3. HP: 28/33 MP: 3/3
   570 | D:2      | Reached skill level 3 in Long Blades
   599 | D:2      | Reached XP level 4. HP: 40/40 MP: 4/4
  1208 | D:3      | Reached XP level 5. HP: 27/46 MP: 5/5
  1279 | D:3      | Found a faded altar of an unknown god.
  1570 | D:3      | Found a sparkling altar of Nemelex Xobeh.
  1835 | D:4      | Noticed an ogre
  2197 | D:4      | Noticed Ijyb
  2201 | D:4      | Noticed an ice beast
  2236 | D:4      | Killed Ijyb
  2236 | D:4      | Reached skill level 4 in Long Blades
  2484 | D:4      | Reached XP level 6. HP: 46/53 MP: 6/6
  2562 | D:4      | Killed an ice beast
  2777 | D:4      | Reached skill level 1 in Dodging
  2842 | D:4      | Reached skill level 5 in Long Blades
  2916 | D:4      | Reached skill level 5 in Shields
  2916 | D:4      | Reached XP level 7. HP: 41/60 MP: 7/7
  3691 | D:4      | Found a staircase to the Ecumenical Temple.
  3701 | Temple   | Entered the Ecumenical Temple
  3746 | Temple   | Became a worshipper of the Shining One
  3979 | D:4      | Reached skill level 5 in Armour
  4027 | D:4      | Reached skill level 5 in Fighting
  4027 | D:4      | Reached skill level 6 in Long Blades
  4359 | D:5      | Entered Level 5 of the Dungeon
  4462 | D:5      | Reached XP level 8. HP: 65/68 MP: 8/8
  4819 | D:5      | Reached skill level 7 in Long Blades
  5157 | D:6      | Found a runed gate.
  5160 | D:6      | Found a runed gate.
  5161 | D:6      | Found a runed gate.
  5161 | D:6      | Noticed bmj180's ghost (novice TrFi)
  5207 | D:6      | Found Ammeampi's General Store.
  5211 | D:6      | Reached * piety under the Shining One
  5218 | D:6      | Bought a potion of heal wounds for 70 gold pieces
  5248 | D:6      | Noticed Menkaure
  5251 | D:6      | Killed Menkaure
  5422 | D:6      | Noticed Eustachio
  5451 | D:6      | Killed Eustachio
  5451 | D:6      | Reached skill level 8 in Long Blades
  5568 | D:6      | Reached XP level 9. HP: 75/75 MP: 9/9
  5785 | D:6      | Found a roughly hewn altar of Beogh.
  5944 | D:6      | HP: 1/78 [orc warrior/dazzling dire flail {crush} (24)]
  5944 | D:6      | Identified the +4 dire flail "Newtbane" {crush, rPois rN++
                  | MR- Stlth+}
  5944 | D:6      | Slain by an orc warrior

Skill      XL: |  1  2  3  4  5  6  7  8 |
---------------+-------------------------+-----
Fighting       | 4 5 6 |  6.4
Long Blades    | 3 4 5 6 8 |  8.5
Shields        | 4 5 6 |  6.6
Armour         | 4 5 6 |  6.0
Dodging        | 1 |  1.0

Action                   |  1- 3 |  4- 6 |  7- 9 || total
-------------------------+-------+-------+-------++-------
Melee: Long sword        |    89 |   338 |   320 ||   747
  Use: Potion            |       |     1 |     3 ||     4
  Eat: Chunk             |       |     7 |     7 ||    14
       Ration            |       |       |     1 ||     1
Armor: Scale mail        |    40 |   130 |   162 ||   332
Dodge: Dodged            |    30 |   116 |   113 ||   259
Block: Shield            |    49 |   167 |   203 ||   419
       Rpst.: Long sword |    12 |    45 |    36 ||    93
